 Dungeon Crawl Stone Soup version 0.23.2-1-ga50397a (webtiles) character file.

Game seed: 516301148545723481

28124 IBeShadow the Bewitcher (level 13, -1/60 HPs)
             Began as a Felid Enchanter on Apr 29, 2019.
             Was a Believer of Ashenzari.
             Killed from afar by an electric eel (13 damage)
             ... with a bolt of electricity
             ... on level 6 of the Lair of Beasts.
             The game lasted 02:51:15 (38634 turns).

IBeShadow the Bewitcher (Felid Enchanter)          Turns: 38634, Time: 02:51:15

Health: -1/60      AC:  5    Str:  4    XL:     13   Next: 8%
Magic:  11/20      EV: 25    Int: 20    God:    Ashenzari [**....]
Gold:   1210       SH:  0    Dex: 16    Spells: 8/20 levels left
                                        Lives:  0   Deaths: 3

rFire    . . .     SeeInvis +     - Unarmed
rCold    + + .     Gourm    .   (shield unavailable)
rNeg     . . .     Faith    .   (armour unavailable)
rPois    +         Spirit   .   (helmet unavailable)
rElec    .         Reflect  .   (cloak unavailable)
rCorr    .         Harm     .   (gloves unavailable)
MR       ++++.                  (boots unavailable)
Stlth    ++........             (no amulet)
HPRegen  0.20/turn              g - ring of protection from cold
MPRegen  0.17/turn              q - ring of the Enemy {rPois MR++ Dex-2} (curse)

@: very slow
A: very small, no armour, no weapons or thrown items, stealth, claws 1, fangs 3,
slimy green scales 1, see invisible, carnivore, speed 1, magic resistance 1,
poison resistance, shaggy fur 3, slow metabolism 1, sharp paws
a: Curse Item, Scrying, Renounce Religion


You were on level 6 of the Lair of Beasts.
You worshipped Ashenzari.
Ashenzari was pleased with you.
You were completely stuffed.

You visited 3 branches of the dungeon, and saw 18 of its levels.
You also visited: Sewer, Ossuary and Volcano.

You collected 1322 gold pieces.
You spent 112 gold pieces at shops.

Inventory:

Jewellery
 c - an uncursed ring of fire
 e - the ring of Hohya {Ice +Inv +Fly Str-2}
   (You found it on level 6 of the Lair of Beasts)

   [ring of ice]

   It enhances your ice magic.
   It affects your strength (-2).
   It makes you vulnerable to fire.
   It protects you from cold.
   It lets you turn invisible.
   It lets you fly.
 g - a ring of protection from cold (left paw)
 q - the cursed ring of the Enemy (right paw) {rPois MR++ Dex-2}
   (You found it on level 6 of the Dungeon)

   [ring of poison resistance]

   It affects your dexterity (-2).
   It protects you from poison.
   It affects your resistance to hostile enchantments.
   It has a curse placed upon it.
 t - an uncursed ring of fire
 y - an uncursed ring of flight
 F - an uncursed ring of attention
 Q - an uncursed amulet of faith
Wands
 l - a wand of polymorph (4)
 u - a wand of disintegration (16)
 v - a wand of random effects (49)
 w - a wand of flame (52)
 J - a wand of iceblast (8)
 L - a wand of paralysis (15)
Scrolls
 h - 4 scrolls of magic mapping
 k - 8 scrolls of remove curse
 m - a scroll of fog {unknown}
 o - 12 scrolls of teleportation
 r - 2 scrolls of random uselessness {unknown}
 s - 5 scrolls of enchant armour {unknown}
 A - a scroll of torment {unknown}
 B - 6 scrolls of amnesia
 E - 2 scrolls of blinking
 H - a scroll of noise {unknown}
 I - a scroll of vulnerability {unknown}
 K - 4 scrolls of identify
 P - 2 scrolls of summoning {unknown}
Potions
 a - 4 potions of agility
 d - 2 potions of berserk rage
 f - 3 potions of degeneration
 i - a potion of invisibility {unknown}
 j - 2 potions of curing
 n - 2 potions of lignification
 p - 2 potions of haste
 x - 5 potions of flight
 z - 5 potions of mutation
 C - 2 potions of magic
 D - 7 potions of brilliance
 G - 5 potions of might
 M - a potion of ambrosia {unknown}
 O - 2 potions of resistance
Miscellaneous
 N - a phial of floods
Comestibles
 b - 21 rations
 R - 13 chunks of flesh


   Skills:
 + Level 9.5 Fighting
 - Level 9.4 Dodging
 - Level 6.2 Stealth
 * Level 14.0 Unarmed Combat
 - Level 4.4 Spellcasting
 * Level 19.1 Hexes
 + Level 5.8 Transmutations
 - Level 4.5 Ice Magic


You had 8 spell levels left.
You knew the following spells:

 Your Spells              Type           Power        Failure   Level  Hunger
a - Corona                Hex            ######.      0%          1    None
b - Ensorcelled Hibernat  Hex/Ice        ######       1%          2    #......
c - Confuse               Hex            ######..     0%          3    ###....
d - Dazzling Spray        Conj/Hex       #####.       1%          3    ###....
e - Spider Form           Tmut/Pois      ###.......   11%         3    ###....

Your spell library contained the following spells:

 Spells                   Type           Power        Failure   Level  Hunger
 Confusing Touch          Hex            ######       0%          1    None
 Tukima's Dance           Hex            ######..     0%          3    ###....
 Beastly Appendage        Tmut           ####..       1%          1    None
 Sticks to Snakes         Tmut           ####....     1%          2    #......
 Fulminant Prism          Conj/Hex       #####.....   2%          4    ####...
 Animate Skeleton         Necr           N/A          12%         1    None
 Apportation              Tloc           #.....       12%         1    None
 Infusion                 Chrm           #...         12%         1    None
 Magic Dart               Conj           #...         12%         1    None
 Pain                     Necr           #...         12%         1    None
 Shock                    Conj/Air       #...         12%         1    None
 Summon Small Mammal      Summ           #...         12%         1    None
 Ice Form                 Ice/Tmut       ####....     14%         4    ####...
 Searing Ray              Conj           #.....       19%         2    #......
 Shroud of Golubria       Chrm/Tloc      #.........   19%         2    #......
 Song of Slaying          Chrm           #.......     19%         2    #......
 Swiftness                Chrm/Air       #.......     19%         2    #......
 Blade Hands              Tmut           ####......   30%         5    ######.
 Regeneration             Chrm/Necr      #.........   36%         3    ###....
 Static Discharge         Conj/Air       #.......     36%         3    ###....
 Vampiric Draining        Necr           #.........   36%         3    ###....
 Airstrike                Air            #.........   77%         4    ####...
 Animate Dead             Necr           N/A          77%         4    ####...
 Force Lance              Conj/Tloc      #.......     77%         4    ####...
 Iskenderun's Mystic Bla  Conj           #.......     77%         4    ####...
 Lightning Bolt           Conj/Air       #.........   98%         5    ######.
 Haunt                    Necr/Summ      #.........   100%        7    #######
 Borgnjor's Revivificati  Necr           #.........   100%        8    #######
 Death's Door             Chrm/Necr      #.........   100%        8    #######
 Infestation              Necr           #.........   100%        8    #######
 Necromutation            Tmut/Necr      ###.......   100%        8    #######
 Spectral Weapon          Hex/Chrm       Unusable     N/A         3    N/A

Dungeon Overview and Level Annotations

Branches:
Dungeon (11/15)            Temple (1/1) D:4            Lair (6/6) D:9
 Shoals (0/4) Lair:3        Snake (0/4) Lair:2        Slime (0/5) Lair:5
    Orc (0/2) D:10

Altars:
Ashenzari
Cheibriados
Dithmenos
Elyvilon
Fedhas
Gozag
Hepliaklqana
Kikubaaqudgha
Makhleb
Nemelex Xobeh
Okawaru
Qazlal
Ru
Sif Muna
Trog
Uskayaw
Vehumet
Wu Jian
Xom
Yredelemnul
Zin
The Shining One

Shops:
D:7 :   D:8 [   D:11 ?

Annotations:
D:5 Grinder, Pikel
Lair:6 exclusion: oklob plant


Innate Abilities, Weirdness & Mutations

You cannot wear armour.
You are incapable of wielding weapons or throwing items.
Your paws allow you to move quietly. (Stealth)
You have sharp claws.
You have razor-sharp teeth.
You have supernaturally acute eyesight. (SInv)
You are carnivorous and can eat meat at any time.
You cover ground quickly.
Your thick and shaggy fur keeps you warm. (AC +3, rC+)
You have a slow metabolism.
Your sharp claws are effective at attacking unaware monsters.
You are partially covered in slimy green scales. (AC +2)
You are resistant to hostile enchantments. (MR+)
Your system is resistant to poisons. (rPois)


Message History

Casting: Ensorcelled Hibernation (safe; 1% risk of failure)
Confirm with . or Enter, or press ? or * to list all spells.
Aiming: Ensorcelled Hibernation (safe; 1% risk of failure)
Press: ? - help, Shift-Dir - straight line, f/p - tyrant leech
Aim: a tyrant leech (confused, chance to defeat MR: 55%)
The tyrant leech resists with some effort.
The tyrant leech bites you!!
* * * LOW HITPOINT WARNING * * *
The tyrant leech draws strength from your injuries!
Casting: Ensorcelled Hibernation (safe; 1% risk of failure)
Confirm with . or Enter, or press ? or * to list all spells.
Okay, then.
You enter the shallow water.
Moving in this stuff is going to be slow.
An electric eel comes into view.
You enter the shallow water.
Moving in this stuff is going to be slow.
The electric eel shoots out a bolt of lightning at you!
The bolt of electricity hits you!
You die...

≈ #≈≈≈≈#PP≈≈≈.≈≈#≈≈≈P≈ ....,
...≈≈≈ #≈≈≈#P[/≈≈.≈≈##≈≈≈≈ ....#
..P≈≈#####≈PP)(.≈≈≈#####≈≈
......##...≈≈≈##≈≈P≈)..≈≈≈≈≈##≈≈≈
.......#..P≈≈≈≈#P≈.≈≈|.≈#≈P≈≈#≈≈≈
.....P.....≈≈≈≈#≈≈≈.w≈≈≈#≈≈≈≈≈≈P.
.........≈..P≈≈≈≈P≈≈.≈≈##≈≈≈≈≈≈≈.
...<.[...≈..≈≈≈≈≈≈≈≈≈≈.##.≈≈≈≈≈≈.
...........≈≈P≈≈@≈≈;≈≈≈##.≈≈≈≈≈..
.........≈P.≈≈≈≈≈≈≈≈≈≈≈###≈≈≈≈≈..
.........#P≈≈≈≈≈≈≈≈≈≈.≈≈##.≈≈≈≈..
.........#..≈PP≈≈≈≈≈≈≈≈≈≈#.≈≈≈...
.........##≈.≈≈≈≈≈≈≈≈≈≈≈≈##≈≈≈.≈P
..(.......#..≈≈≈≈≈≈≈≈≈≈≈≈##≈≈.≈..
..........##.≈P≈≈≈≈≈≈≈≈≈≈≈#≈≈≈...
....#......#.≈.≈≈≈≈≈≈≈≈≈≈≈##...P.
...#..#....#..P≈.≈≈≈≈≈≈≈≈≈##.....


You could see a tyrant leech (confused) and an electric eel.

Vanquished Creatures
  Snorg (Lair:5)
  8 hydras
  A two-headed ogre (D:8)
  Urug (Lair:4)
  A fire crab (Volcano)
  An unseen horror (D:10)
  An obsidian statue (Volcano)
  A lindwurm (Lair:5)
  11 elephants
  A torpor snail (Lair:4)
  A centaur skeleton (D:10)
  25 spiny frogs
  6 komodo dragons
  2 tyrant leeches (Lair:6)
  12 hippogriffs
  16 dream sheep
  17 blink frogs
  A centaur simulacrum (D:10)
  A wyvern (D:9)
  A wraith (D:10)
  9 fire bats (Volcano)
  42 yaks
  A steam dragon (Volcano)
  6 vampire mosquitoes
  5 basilisks
  2 hungry ghosts
  A warg (D:9)
  17 water moccasins
  A naga (Lair:2)
  15 porcupines
  5 orc warriors
  3 ice beasts
  2 sky beasts
  2 slaves
  A black bear (D:11)
  2 ogres
  7 centaurs
  7 wolves (Lair:1)
  8 crocodiles
  A big kobold (D:10)
  25 bullfrogs
  A wyvern zombie (D:7)
  A wyvern skeleton (D:8)
  3 scorpions
  6 killer bees (D:7)
  5 wights (D:8)
  An electric eel (Lair:6)
  3 crimson imps
  5 lava snakes (Volcano)
  4 centaur zombies
  4 orc priests
  2 bullfrog zombies
  8 hounds
  8 jellies
  12 orc wizards
  A bullfrog skeleton (D:4)
  A gnoll shaman (D:7)
  An iguana (D:7)
  7 worker ants
  A big kobold zombie (Ossuary)
  A mummy (Ossuary)
  8 adders
  3 gnolls (D:7)
  A shadow imp (D:3)
  7 oozes
  5 adder zombies
  8 worms
  3 dart slugs
  8 leopard geckos
  35 orcs
  9 giant cockroaches
  6 goblins
  10 hobgoblins
  11 jackals
  10 kobolds
  2 quokkas
  3 ball pythons
  6 bats
  2 frilled lizards
  10 hobgoblin zombies (Ossuary)
  A jackal zombie (Ossuary)
  9 kobold zombies (Ossuary)
  A leopard gecko skeleton (D:6)
  A leopard gecko zombie (D:6)
  8 orc zombies (Ossuary)
  A quokka skeleton (D:6)
  7 rats
  3 rat zombies (Ossuary)
  A butterfly (Lair:6)
  A fungus (Lair:5)
  A plant (D:9)
527 creatures vanquished.

Vanquished Creatures (others)
  A lindwurm (Volcano)
  3 bushes (Lair:6)
  69 fungi
  78 plants
151 creatures vanquished.

Grand Total: 678 creatures vanquished

Notes
Turn   | Place    | Note
-------+----------+-------------------------------------------
     0 | D:1      | IBeShadow the Felid Enchanter began the quest for the Orb.
     0 | D:1      | Reached XP level 1. HP: 7/7 MP: 4/4
   771 | D:1      | Reached XP level 2. HP: 11/11 MP: 6/6
  1314 | D:1      | Learned a level 2 spell: Ensorcelled Hibernation
  1524 | D:1      | Reached skill level 5 in Hexes
  2107 | D:2      | Noticed a bullfrog
  2795 | D:2      | Reached XP level 3. HP: 14/14 MP: 7/7
  3548 | D:2      | Learned a level 3 spell: Confuse
  3721 | D:2      | Reached XP level 4. HP: 18/18 MP: 1/8
  4186 | D:2      | Slain by a bullfrog
  4187 | D:2      | Reached XP level 3. HP: -5/14 MP: 1/7
  4799 | D:3      | Found a burning altar of Makhleb.
  4802 | D:3      | Reached skill level 6 in Hexes
  4802 | D:3      | Reached skill level 1 in Ice Magic
  4802 | D:3      | Reached XP level 4. HP: 18/18 MP: 8/8
  4961 | D:4      | Found a staircase to the Ecumenical Temple.
  4968 | D:4      | Noticed an ogre
  5371 | D:5      | Entered Level 5 of the Dungeon
  5437 | D:5      | Reached skill level 5 in Stealth
  5437 | D:5      | Reached XP level 5. HP: 21/21 MP: 9/9
  5523 | D:5      | Noticed a sky beast
  5628 | D:5      | Killed a sky beast
  5628 | D:5      | Reached skill level 7 in Hexes
  5628 | D:5      | Gained mutation: You are covered in thick fur. (AC +2)
                  | [Felid growth]
  5628 | D:5      | Reached XP level 6. HP: 18/24 MP: 5/10
  6312 | D:5      | HP: 1/24 [orc priest/divine providence (12)]
  7974 | D:4      | Reached XP level 7. HP: 27/27 MP: 8/11
  8257 | D:5      | Reached skill level 8 in Hexes
  8417 | D:5      | Noticed Grinder
  8545 | D:5      | Noticed Pikel
  9146 | D:6      | Got a heavily runed turquoise ring
  9147 | D:6      | Identified the ring of the Enemy {rPois MR++ Dex-2} (You
                  | found it on level 6 of the Dungeon)
  9445 | D:6      | Found a glowing drain.
  9462 | D:6      | Reached skill level 5 in Unarmed Combat
  9522 | Sewer    | Entered a sewer
 11267 | D:6      | Reached skill level 9 in Hexes
 11638 | D:6      | Reached XP level 8. HP: 23/31 MP: 3/12
 11719 | D:6      | Reached skill level 1 in Fighting
 12420 | D:7      | Found a sand-covered staircase.
 12550 | D:7      | Learned a level 3 spell: Dazzling Spray
 12552 | Ossuary  | Entered an ossuary
 13365 | Ossuary  | Reached skill level 10 in Hexes
 14052 | D:7      | Found Efisogol's Book Emporium.
 14140 | D:7      | HP: 1/33 [orc wizard/puff of flame (5)]
 14152 | D:7      | Gained mutation: You are clumsy. (Dex -2) [potion of
                  | mutation]
 14152 | D:7      | Gained mutation: You are resistant to hostile enchantments.
                  | (MR+) [potion of mutation]
 14152 | D:7      | Gained mutation: You evolve. [potion of mutation]
 14532 | D:8      | Found Xyisotw Xato's Antique Armour Shop.
 14924 | D:7      | Reached skill level 5 in Dodging
 15033 | D:7      | Lost mutation: You are resistant to hostile enchantments.
                  | (MR+) [evolution]
 15215 | D:7      | Noticed a hippogriff
 15573 | D:8      | Reached XP level 9. HP: 31/37 MP: 9/13
 15893 | D:8      | Identified the +11 glaive of Iconoclasm {chop, rC+}
 16018 | D:7      | Reached skill level 11 in Hexes
 16698 | D:8      | Gained mutation: You are partially covered in slimy green
                  | scales. (AC +2) [evolution]
 17183 | D:8      | Noticed a two-headed ogre
 17190 | D:8      | Killed a two-headed ogre
 17190 | D:8      | Reached skill level 12 in Hexes
 17425 | D:7      | Gained mutation: You are resistant to hostile enchantments.
                  | (MR+) [evolution]
 18165 | D:5      | Reached XP level 10. HP: 28/43 MP: 3/14
 18291 | Temple   | Entered the Ecumenical Temple
 18426 | Temple   | Became a worshipper of Ashenzari the Shackled
 18644 | D:9      | Found a deep blue altar of Sif Muna.
 18652 | D:9      | Found a stormy altar of Qazlal.
 18979 | D:9      | Found a staircase to the Lair.
 19258 | D:9      | Reached skill level 13 in Hexes
 19860 | D:9      | Reached skill level 5 in Fighting
 19977 | D:10     | Entered Level 10 of the Dungeon
 20111 | D:10     | Noticed an unseen horror
 20134 | D:10     | Killed an unseen horror
 20975 | D:10     | Found a staircase to the Orcish Mines.
 20983 | D:10     | Reached skill level 14 in Hexes
 20987 | D:10     | Reached XP level 11. HP: 41/48 MP: 7/16
 21303 | D:10     | Reached skill level 10 in Unarmed Combat
 22032 | D:11     | Lost mutation: You are clumsy. (Dex -2) [evolution]
 22162 | D:11     | Found Jaron's Magic Scroll Boutique.
 22165 | D:11     | Bought a scroll of remove curse for 48 gold pieces
 22165 | D:11     | Bought a scroll of identify for 32 gold pieces
 22165 | D:11     | Bought a scroll of identify for 32 gold pieces
 22317 | D:11     | Reached * piety under Ashenzari
 22473 | Lair:1   | Entered Level 1 of the Lair of Beasts
 22598 | Lair:1   | Found a dark tunnel.
 22606 | Volcano  | Entered a volcano
 23167 | Volcano  | Noticed an obsidian statue
 23757 | Volcano  | Noticed a lindwurm
 23778 | Volcano  | Killed a lindwurm
 23920 | Volcano  | Noticed a fire crab
 23937 | Volcano  | Killed a fire crab
 24179 | Volcano  | Killed an obsidian statue
 24180 | Volcano  | Found a radiant altar of Vehumet.
 24351 | Lair:1   | Reached skill level 15 in Hexes
 25437 | Lair:1   | Noticed a four-headed hydra
 25469 | Lair:1   | Killed a four-headed hydra
 25472 | Lair:1   | Gained mutation: Your thick and shaggy fur keeps you warm.
                  | (AC +3, rC+) [Felid growth]
 25472 | Lair:1   | Reached XP level 12. HP: 53/53 MP: 8/19
 25862 | Lair:2   | Found a staircase to the Snake Pit.
 26213 | Lair:2   | Reached ** piety under Ashenzari
 26815 | Lair:3   | Found a staircase to the Shoals.
 26825 | Lair:3   | Reached skill level 16 in Hexes
 26964 | Lair:3   | Noticed an eight-headed hydra
 28333 | Lair:3   | Killed an eight-headed hydra
 29457 | Lair:3   | Reached skill level 17 in Hexes
 29577 | Lair:3   | Learned a level 3 spell: Spider Form
 29655 | Lair:4   | Reached skill level 1 in Transmutations
 29840 | Lair:3   | HP: 2/55 [yak (13)]
 30751 | Lair:4   | Noticed Urug
 30759 | Lair:4   | Killed Urug
 30759 | Lair:4   | Reached XP level 13. HP: 58/58 MP: 17/20
 32816 | Lair:4   | Mangled by a seven-headed hydra
 32817 | Lair:4   | Reached XP level 12. HP: -13/56 MP: 19/19
 32911 | Lair:3   | Mangled by a dream sheep
 32912 | Lair:3   | Reached XP level 11. HP: -13/52 MP: 9/18
 33309 | Lair:4   | Killed a seven-headed hydra
 33779 | Lair:5   | Noticed a seven-headed hydra
 34842 | Lair:5   | Noticed a seven-headed hydra
 34863 | Lair:5   | Killed a seven-headed hydra
 34863 | Lair:5   | Reached skill level 18 in Hexes
 34870 | Lair:5   | Found a staircase to the Slime Pits.
 34884 | Lair:5   | Found an iron altar of Okawaru.
 34891 | Lair:5   | Noticed Snorg
 35067 | Lair:5   | Killed Snorg
 35474 | Lair:6   | Entered Level 6 of the Lair of Beasts
 35543 | Lair:5   | Killed a seven-headed hydra
 35543 | Lair:5   | Reached XP level 12. HP: 44/56 MP: 5/19
 35842 | Lair:5   | Gained mutation: Your system is resistant to poisons.
                  | (rPois) [evolution]
 35842 | Lair:5   | Lost mutation: You evolve. [end of evolution]
 36072 | Lair:6   | Noticed a six-headed hydra
 36214 | Lair:6   | Killed a six-headed hydra
 36604 | Lair:5   | Reached skill level 5 in Transmutations
 36946 | Lair:6   | Noticed a four-headed hydra
 37908 | Lair:6   | Noticed an eight-headed hydra
 37918 | Lair:6   | Killed an eight-headed hydra
 37935 | Lair:6   | Reached skill level 19 in Hexes
 38098 | Lair:6   | Reached XP level 13. HP: 60/60 MP: 11/20
 38602 | Lair:6   | Identified the ring of Hohya {Ice +Inv +Fly Str-2}
 38634 | Lair:6   | Killed from afar by an electric eel

Skill      XL: |  1  2  3  4  5  6  7  8  9 10 11 12 13 |
---------------+----------------------------------------+-----
Hexes          | 5 6 7 9 10 12 14 18 19 | 19.1
Unarmed Combat | 2 3 4 5 7 8 9 13 12 14 | 14.0
Ice Magic      | 1 2 4 |  4.5
Stealth        | 5 6 |  6.2
Dodging        | 3 5 7 8 9 |  9.4
Fighting       | 2 4 5 6 9 |  9.5
Spellcasting   | 3 4 |  4.4
Transmutations | 4 5 3 |  5.8

Action                   |  1- 3 |  4- 6 |  7- 9 | 10-12 | 13-15 || total
-------------------------+-------+-------+-------+-------+-------++-------
Melee: Unarmed           |    95 |    83 |   548 |   620 |   102 ||  1448
       Bite              |     4 |     8 |    35 |    47 |     8 ||   102
       Punch             |       |     2 |     8 |    20 |     3 ||    33
 Cast: Corona            |     2 |       |       |     1 |       ||     3
       Ensorcelled Hiber |    42 |    44 |    84 |   307 |    40 ||   517
       Confuse           |     3 |    20 |    63 |   129 |    37 ||   252
       Dazzling Spray    |       |       |    29 |    27 |    11 ||    67
       Spider Form       |       |       |       |     1 |       ||     1
Invok: Curse Item        |       |       |       |     1 |       ||     1
 Abil: End Transformatio |       |       |       |     1 |       ||     1
Evoke: Wand              |       |       |     1 |     2 |     1 ||     4
  Use: Scroll            |     5 |       |     5 |    10 |       ||    20
       Potion            |       |       |     7 |     8 |       ||    15
 Stab: Sleeping          |    35 |    25 |    48 |   178 |    18 ||   304
       Confused          |     4 |     5 |    22 |    53 |    14 ||    98
       Distracted        |       |       |     3 |     3 |       ||     6
       Invisible         |       |       |     1 |     7 |     2 ||    10
  Eat: Chunk             |    22 |    11 |    35 |    63 |     9 ||   140
       Ration            |       |       |       |     1 |       ||     1
Armor: Skin              |     5 |       |    48 |    35 |     8 ||    96
Dodge: Dodged            |    71 |    55 |   557 |   659 |   125 ||  1467
